 Dungeon Crawl Stone Soup version 0.27.1-33-g824d729ab1 (webtiles) character file.

Game seed: 9543111214119872140

217 hilljack the Digger (level 5, -1/28 HPs)
             Began as a Gargoyle Earth Elementalist on Nov 26, 2021.
             Slain by an iguana (10 damage)
             ... on level 4 of the Dungeon.
             The game lasted 00:07:56 (4027 turns).

hilljack the Digger (Gargoyle Earth Elementalist)   Turns: 4027, Time: 00:07:56

Health: -1/28      AC:  9    Str: 11    XL:     5   Next: 94%
Magic:  5/8        EV: 12    Int: 17    God:
Gold:   114        SH:  0    Dex: 10    Spells: 2/8 levels left

rFire    + . .     SeeInvis .   g - +0 spear (flame)
rCold    . . .     Faith    .   (no shield)
rNeg     + . .     Spirit   .   k - +1 leather armour
rPois    ∞         Reflect  .   (no helmet)
rElec    +         Harm     .   d - scarf {repulsion}
rCorr    .         Rampage  .   n - +0 pair of gloves
Will     .....                  (no boots)
Stlth    ++........             (no amulet)
HPRegen  0.09/turn              j - ring of protection from fire
MPRegen  0.11/turn              (no ring)

@: brilliant, repel missiles
A: sickness immunity, AC +4, negative energy resistance 1, electricity
resistance, torment resistance 1, petrification resistance
a: no special abilities


You were on level 4 of the Dungeon.
You visited 1 branch of the dungeon, and saw 4 of its levels.

You collected 114 gold pieces.

Inventory:

Hand Weapons
 b - a +2 short sword of speed
 g - a +0 spear of flaming (weapon)
Missiles
 a - 8 poisoned darts
 c - 76 stones
 i - 2 javelins
 m - 2 throwing nets
Armour
 d - a scarf of repulsion (worn)
 k - a +1 leather armour (worn)
 n - a +0 pair of gloves (worn)
Jewellery
 j - a ring of protection from fire (left hand)
 l - a ring of protection from cold
Potions
 f - a potion of curing
 h - a potion of brilliance


   Skills:
 - Level 3.0 Throwing
 + Level 2.8 Dodging
 - Level 2.1 Stealth
 - Level 2.3 Spellcasting
 - Level 1.7 Transmutations
 - Level 4.3 Earth Magic


You had 2 spell levels left.
You knew the following spells:

 Your Spells              Type           Power      Damage    Failure   Level
a - Sandblast             Erth           50%        2d12      4%          1
b - Passwall              Tmut/Erth      15%        N/A       11%         2
c - Stone Arrow           Conj/Erth      28%        3d8       30%         3

Your spell library contained the following spells:

 Spells                   Type           Power      Damage    Failure   Level
 Petrify                  Tmut/Erth      18%        N/A       56%         4
 Swiftness                Air            2%         N/A       58%         3
 Bolt of Magma            Conj/Fire/Erth 5%         4d5       98%         5
 Invisibility             Hex            1%         N/A       100%        6
 Shatter                  Erth           12%        3d13*     100%        9


Dungeon Overview and Level Annotations

Branches:
Dungeon (4/15)
 Temple: D:4-7

Altars:


Innate Abilities, Weirdness & Mutations

You are immune to sickness and miasma.
Your stone body is resilient. (AC +4)
You are immune to poison.
You resist negative energy. (rN+)
You are resistant to electric shocks. (rElec)
You are resistant to unholy torment.
You are immune to petrification.


Message History

The kobold hits you with a +0 dagger.
You barely miss the kobold.
The iguana hisses angrily.
The kobold hits you but does no damage.
You hit the kobold. You burn the kobold.
You kill the kobold!
You hit the necrophage. You burn the necrophage.
The necrophage is lightly damaged.
The necrophage hits you.
You hit the necrophage. You burn the necrophage.
The necrophage is moderately damaged.
The necrophage completely misses you.
You barely miss the necrophage.
The necrophage is moderately damaged.
The necrophage closely misses you.
You barely miss the necrophage.
The necrophage is moderately damaged.
The iguana closely misses you. The necrophage misses you.
Aiming: Sandblast (safe; 4% risk of failure)
Press: ? - help, Q - select action, (/) - cycle Shift-Dir - straight line, f - iguana
Aim: an iguana (82% to hit)
The blast of sand hits the iguana but does no damage.
The iguana bites you! The necrophage closely misses you.
Aiming: Sandblast (safe; 4% risk of failure)
Press: ? - help, Q - select action, (/) - cycle Shift-Dir - straight line, f/p - iguana
Aim: an iguana (82% to hit)
The blast of sand hits the iguana.
The iguana is lightly wounded.
The iguana bites you but does no damage.
The necrophage closely misses you.
Aiming: Sandblast (safe; 4% risk of failure)
Press: ? - help, Q - select action, (/) - cycle Shift-Dir - straight line, f/p - iguana
Aim: an iguana (lightly wounded, 82% to hit)
The blast of sand hits the iguana.
The iguana is moderately wounded.
The iguana barely misses you.
The necrophage hits you but does no damage.
You feel clever all of a sudden. The iguana bites you!
You die...

###..>.....#...#...#...
.>..........#...#...#...
............#####'####..
................#...##..
................#.......
................#.......
................#......<
......l.........#...##..
.......@........######..
......)n####....# #...
........# +....# #...
........# ....# #...
........# ....# #...
........# ..# #...
........# #### ........#


You could see a necrophage and an iguana.

Vanquished Creatures
  A sky beast (D:4)
  A howler monkey (D:4)
  3 adders
  2 worms (D:3)
  2 dart slugs
  7 bats
  6 endoplasms (D:1)
  A giant cockroach (D:2)
  5 hobgoblins
  A jackal (D:2)
  9 kobolds
  2 quokkas
  2 ball pythons (D:1)
  2 frilled lizards (D:3)
  6 goblins
  A rat (D:1)
51 creatures vanquished.

Vanquished Creatures (others)
  4 toadstools (D:1)
4 creatures vanquished.

Grand Total: 55 creatures vanquished

Notes
Turn   | Place    | Note
-------+----------+-------------------------------------------
     0 | D:1      | hilljack the Gargoyle Earth Elementalist began the quest
                  | for the Orb.
     0 | D:1      | Reached XP level 1. HP: 10/10 MP: 3/3
    57 | D:1      | Reached skill level 1 in Transmutations
   195 | D:1      | Reached XP level 2. HP: 7/15 MP: 0/5
   621 | D:1      | Reached skill level 4 in Earth Magic
  1119 | D:1      | You fall into a shaft and drop 1 floor!
  1276 | D:2      | Learned a level 2 spell: Passwall
  1295 | D:2      | Reached XP level 3. HP: 10/19 MP: 1/6
  1716 | D:2      | Learned a level 3 spell: Stone Arrow
  2490 | D:3      | Reached skill level 1 in Throwing
  2616 | D:3      | Found a faded altar of an unknown god.
  2639 | D:3      | Reached XP level 4. HP: 13/24 MP: 7/7
  3916 | D:4      | Noticed a sky beast
  3932 | D:4      | Reached XP level 5. HP: 28/28 MP: 2/8
  3932 | D:4      | Killed a sky beast
  4014 | D:4      | Noticed a necrophage
  4027 | D:4      | Slain by an iguana

Illustrated notes

Levels and vault maps discovered:
D:1:      ldierk_water_garden, layout_loops_cross, serial_bayou_pond_a
D:2:      minmay_general_purpose_star, layout_basic
D:3:      layout_loops_ring, hellmonk_ecumenical_altar_crossroads,
          nrook_campfire, kennysheep_generic_room_5
D:4:      cheibrodos_barr_body, layout_gridville, cheibriados_altar_1,
          minitemple, portal_sewer_entry_b, uniq_eustachio

Skill      XL: |  1  2  3  4  5 |
---------------+----------------+-----
Transmutations | 1 |  1.7
Earth Magic    | 4 |  4.3
Throwing       | 1 2 3 |  3.0
Dodging        | 2 |  2.8
Stealth        | |  2.1
Spellcasting   | |  2.3

Action                   |  1- 3 |  4- 6 || total
-------------------------+-------+-------++-------
Melee: Club              |    15 |       ||    15
       Unarmed           |     1 |       ||     1
       Spear             |    83 |    57 ||   140
Throw: Dart              |     5 |    16 ||    21
       Stone             |       |     2 ||     2
 Cast: Sandblast         |    15 |    12 ||    27
  Use: Scroll            |     5 |     2 ||     7
       Potion            |       |     2 ||     2
 Stab: Sleeping          |     5 |       ||     5
Armor: Robe              |    19 |       ||    19
       Leather armour    |    20 |    36 ||    56
Dodge: Dodged            |    40 |    34 ||    74
